 Dungeon Crawl Stone Soup version 0.31-a0-121-g1e386dd289 (webtiles) character file.

Game seed: 5361756175140074494

77 Pimp the Insei (level 4, -6/29 HPs)
             Began as an Octopode Transmuter on May 31, 2023.
             Mangled by a gnoll
             ... wielding a +0 halberd
              (16 damage)
             ... on level 2 of the Dungeon.
             The game lasted 00:03:17 (1045 turns).

Pimp the Insei (Octopode Transmuter)                Turns: 1045, Time: 00:03:18

Health: -6/29      AC:  1    Str: 11    XL:     4   Next: 34%
Magic:  7/7        EV: 13    Int: 15    God:
Gold:   84         SH:  0    Dex: 12    Spells: 6/7 levels left

rFire   . .          .
                       - Unarmed
rCold   . . .        (no shield)
rNeg    . . .        (helmet restricted)
rPois   .            (no amulet)
rElec   .            (no ring)
rCorr   .            (no ring)
SInv    .            (no ring)
Will    .....        (no ring)
Stlth   ++           (no ring)
HPRegen 0.24/turn    (no ring)
MPRegen 0.10/turn    (no ring)
                     (no ring)

%: no passive effects
@: no status effects
A: almost no armour, amphibious, 8 rings, camouflage 1, gelatinous body 1,
(nimble swimmer 1), tentacles
a: no special abilities


You were on level 2 of the Dungeon.
You visited 1 branch of the dungeon, and saw 2 of its levels.

You collected 84 gold pieces.

Inventory:

Magical Staves
 e - a staff of conjuration
Scrolls
 b - 2 scrolls of noise {unknown}
 c - a scroll of immolation {unknown}
 f - a scroll of identify {unknown}
Potions
 a - a potion of lignification
 d - a potion of might {unknown}
 g - 2 potions of heal wounds {unknown}
 h - a potion of degeneration {unknown}
 i - a potion of cancellation {unknown}
 j - a potion of curing {unknown}


   Skills:
 + Level 2.0 Fighting
 + Level 2.6 Dodging
 + Level 3.4 Unarmed Combat
 + Level 2.4 Spellcasting
 + Level 2.6 Transmutations


You had 6 spell levels left.
You knew the following spells:

 Your Spells              Type           Power      Damage    Failure   Level
a - Beastly Appendage     Tmut           18%        N/A       7%          1

Your spell library contained the following spells:

 Spells                   Type           Power      Damage    Failure   Level
 Wereblood                Tmut           9%         N/A       11%         2
 Freeze                   Ice            4%         1d3       22%         1
 Spider Form              Tmut/Pois      5%         N/A       36%         3
 Frozen Ramparts          Ice            2%         1d1       54%         3
 Hailstorm                Conj/Ice       1%         3d3       54%         3
 Ice Form                 Ice/Tmut       5%         N/A       77%         4


Dungeon Overview and Level Annotations

Branches:
Dungeon (2/15)

Altars:


Innate Abilities, Weirdness & Mutations

You cannot wear most types of armour.
You are amphibious.
You can wear up to eight rings at the same time.
Your skin changes colour to match your surroundings (Stealth+).
Your rubbery body absorbs attacks. (AC +1, EV +1)
((You are camouflaged when in or above water. (Stealth+)))
You have tentacles for arms and can constrict up to eight enemies at once.


Message History

You tentacle-slap the giant cockroach. You grab the giant cockroach.
You pierce the giant cockroach.
You kill the giant cockroach!
You see here a giant cockroach corpse.
Your transformation is almost over.
Magic restored.
Your tentacle spike disappears.
A gnoll comes into view. It is wielding a +0 whip.
The gnoll shouts!
A gnoll comes into view.
It is wielding a +0 halberd and quivering poisoned darts.
The gnoll moves out of view.
One of your tentacles grows a vicious spike.
The gnoll shouts!
You hear a shout!
A gnoll comes into view. It is wielding a +0 halberd.
The gnoll shouts!
You tentacle-slap the gnoll. You grab the gnoll.
The gnoll is moderately wounded.
You constrict the gnoll.
A gnoll comes into view. It is wielding a +0 club.
The gnoll barely misses you.
You tentacle-slap the gnoll.
You pierce the gnoll, but do no damage.
You squeeze the gnoll, but do no damage.
The gnoll is severely wounded.
You constrict the gnoll, but do no damage.
The gnoll barely misses you.
You tentacle-slap the gnoll.
You pierce the gnoll.
You kill the gnoll!
The gnoll hits you from afar with a +0 halberd!
Ouch! That really hurt!
Your Fighting skill increases to level 2!
The gnoll misses you. x2
You see here a +0 whip.
Your transformation is almost over.
The gnoll hits you from afar with a +0 halberd!
* * * LOW HITPOINT WARNING * * *
Your tentacle spike disappears.
There is a stone staircase leading down here.
The gnoll hits you from afar with a +0 halberd!
Ouch! That really hurt!
You die...

##......#.....#.....
.†>.....####.......#
###.###.# #†#######
.##.###.####(#
.............###########
###.###.#####..........##
###.###.# #.......##..
........# #.##.##.##.# #
# ######### #.##@.g.##.#
.##.# #[##.##g.g†###.....
#.##.##.##.....#
#..........#.###
####..######.## ##.# #..#
#.# ###g### .# #.....#
#.....#


You could see 3 gnolls.

Vanquished Creatures
  A gnoll (D:2)
  An adder (D:2)
  2 worms (D:2)
  2 dart slugs (D:1)
  5 bats
  3 endoplasms
  A giant cockroach (D:2)
  9 goblins
  4 hobgoblins
  2 jackals (D:1)
  6 kobolds
  2 quokkas
  5 ball pythons
  A frilled lizard (D:2)
  2 rats (D:1)
46 creatures vanquished.

Notes
Turn   | Place    | Note
-------+----------+-------------------------------------------
     0 | D:1      | Pimp the Octopode Transmuter began the quest for the Orb.
     0 | D:1      | Reached XP level 1. HP: 13/13 MP: 3/3
    94 | D:1      | Reached XP level 2. HP: 18/18 MP: 5/5
   352 | D:1      | Reached XP level 3. HP: 23/23 MP: 6/6
   759 | D:2      | Reached XP level 4. HP: 19/29 MP: 7/7
   774 | D:2      | Identified the +1 ring mail "Ushrylups" {rCorr}
  1045 | D:2      | Mangled by a gnoll

Illustrated notes

Levels and vault maps discovered:
D:1:      minmay_arrival_checkered_box, layout_rooms, interstate_on_off
D:2:      minmay_recursive_quarters, layout_loops_cross, uniq_sigmund

Skill      XL: |  1  2  3  4 |
---------------+-------------+-----
Fighting       | 2 |  2.0
Dodging        | |  2.6
Unarmed Combat | |  3.4
Spellcasting   | |  2.4
Transmutations | |  2.6

Action                     |  1- 3 |  4- 6 || total
---------------------------+-------+-------++-------
  Melee: Unarmed           |    77 |    20 ||    97
         Constrict         |    19 |     5 ||    24
         Tentacles         |    14 |     3 ||    17
         Punch             |     3 |       ||     3
         Kick              |       |     3 ||     3
   Cast: Beastly Appendage |       |     2 ||     2
   Stab: Sleeping          |     2 |     1 ||     3
 Armour: Skin              |    14 |       ||    14
  Dodge: Dodged            |    64 |    19 ||    83

Table legend: (Time is in decaauts)
 A = Elapsed time spent in this place.
 B = Non-inter-level travel time spent in this place.
 C = Inter-level travel time spent in this place.
 D = Time resting spent in this place.
 E = Time spent auto-exploring this place.
 F = Levels seen in this place.
 G = Mean time per level.
                   A        B        C        D        E       F      G
               +--------+--------+--------+--------+--------+-----+--------+
         Total |   1038 |   1028 |     10 |    140 |    566 |   2 |  519.0 |
       Dungeon |   1038 |   1028 |     10 |    140 |    566 |   2 |  519.0 |
               +--------+--------+--------+--------+--------+-----+--------+

Top non-repeatable levels by time:
     D:1: 570 daAuts
     D:2: 467 daAuts
